 Dungeon Crawl Stone Soup version 0.30.1 (webtiles) character file.

Game seed: 16439258725694585293

161 LynnLen the Chopper (level 5, -6/48 HPs)
             Began as a Hill Orc Monk on July 3, 2023.
             Mangled by an ogre
             ... wielding a +0 giant club
              (25 damage)
             ... on level 4 of the Dungeon.
             The game lasted 00:07:21 (3050 turns).

LynnLen the Chopper (Hill Orc Monk)                 Turns: 3050, Time: 00:07:21

Health: -6/48      AC:  2    Str: 16    XL:     5   Next: 42%
Magic:  5/5        EV: 12    Int: 10    God:
Gold:   69         SH:  0    Dex: 13    Spells: 4/4 levels left

rFire   . . .        a - +0 hand axe
rCold   . . .        d - orb {light}
rNeg    . . .        b - +0 robe
rPois   .            (no helmet)
rElec   .            (no cloak)
rCorr   .            (no gloves)
SInv    .            (no boots)
Will    .....        (no amulet)
Stlth   +            (no ring)
HPRegen 0.28/turn    (no ring)
MPRegen 0.09/turn

%: no passive effects
@: glowing
A: no striking features
a: no special abilities


You were on level 4 of the Dungeon.
You visited 1 branch of the dungeon, and saw 4 of its levels.

You collected 179 gold pieces.
You spent 110 gold pieces at shops.

Inventory:

Hand Weapons
 a - a +0 hand axe (weapon)
 q - a +0 triple crossbow
Armour
 b - a +0 robe (worn)
 d - an orb of light (worn)
Jewellery
 j - a ring of wizardry
Scrolls
 f - 2 scrolls of teleportation
 h - 2 scrolls of blinking
 l - a scroll of enchant armour
 m - a scroll of magic mapping {unknown}
 n - a scroll of vulnerability {unknown}
 p - a scroll of poison {unknown}
 t - a scroll of silence {unknown}
Potions
 c - a potion of ambrosia
 e - a potion of resistance {unknown}
 g - 2 potions of mutation
 i - a potion of heal wounds
 k - 3 potions of curing
 o - 2 potions of degeneration {unknown}
 r - a potion of brilliance {unknown}
 s - a potion of haste {unknown}


   Skills:
 + Level 5.1 Fighting
 + Level 6.7 Axes
 - Level 2.4 Dodging


You had 4 spell levels left.
You didn't know any spells.
Your spell library contained the following spells:

 Spells                   Type           Power      Damage    Failure   Level
 Blink                    Tloc           0%         N/A       50%         2
 Lesser Beckoning         Tloc           0%         N/A       50%         2
 Momentum Strike          Conj/Tloc      0%         3d8       50%         2
 Portal Projectile        Hex/Tloc       0%         N/A       75%         3
 Tukima's Dance           Hex            0%         N/A       75%         3
 Blade Hands              Tmut           0%         N/A       100%        5


Dungeon Overview and Level Annotations

Branches:
Dungeon (4/15)
 Temple: D:4-7

Altars:
Ashenzari

Shops:
D:4 ((


Message History

A hobgoblin is nearby!
You barely miss the hobgoblin. The hobgoblin hits you.
You hit the hobgoblin.
The hobgoblin is severely wounded.
The hobgoblin barely misses you.
You hit the hobgoblin.
The hobgoblin is almost dead.
The hobgoblin barely misses you.
You hit the hobgoblin.
You kill the hobgoblin!
A ball python comes into view.
You see here 5 gold pieces.
The ball python hisses angrily.
You see here 5 gold pieces.
You slash the ball python!
You kill the ball python!
You see here a ball python corpse.
You now have 58 gold pieces (gained 5).
Found an escape hatch in the floor.
Found a stone staircase leading down.
t - a scroll labelled OPUKHEQOUT You now have 69 gold pieces (gained 11).
An ogre and an endoplasm come into view.
The endoplasm quivers.
There are monsters nearby!
The endoplasm hits you.
You hit the endoplasm.
You kill the endoplasm!
You slash the ogre!
The ogre is moderately wounded.
The ogre hits you with a +0 giant club!
You hit the ogre.
The ogre is heavily wounded.
You hit the ogre.
The ogre is severely wounded.
The ogre hits you with a +0 giant club!!
You hit the ogre.
The ogre is severely wounded.
The ogre hits you with a +0 giant club!!
Ouch! That really hurt!
You die...

...............†.#
.................#
.......
.................#
.O.....
................##
.......
........#......##
J......
...######.######
....... ...#
###.###### .......
...#
.........####.......
#..#
..........@O........
...#
.........####.......
.#.............#
##..### ## ##
.........## ##
..........#####.
................. ##
........##..##....
.##..####.#.##.....#..
....# #.#.#.........


You could see an ogre.

Vanquished Creatures
  An iguana (D:4)
  4 adders
  An ufetubus (D:4)
  5 worms
  2 orcs
  9 endoplasms
  3 giant cockroaches
  7 goblins
  8 hobgoblins
  2 jackals (D:3)
  7 ball pythons
  7 bats
  6 frilled lizards
  7 kobolds
  5 rats
74 creatures vanquished.

Notes
Turn   | Place    | Note
-------+----------+-------------------------------------------
     0 | D:1      | LynnLen the Hill Orc Monk began the quest for the Orb.
     0 | D:1      | Reached XP level 1. HP: 19/19 MP: 1/1
   253 | D:1      | Reached XP level 2. HP: 22/27 MP: 2/2
   705 | D:1      | Reached XP level 3. HP: 26/33 MP: 3/3
   891 | D:1      | Reached skill level 5 in Axes
  1214 | D:1      | Reached XP level 4. HP: 26/41 MP: 4/4
  2047 | D:3      | Reached skill level 6 in Axes
  2126 | D:3      | Found a faded altar of an unknown god.
  2595 | D:4      | Found Agebb's Firing Range.
  2605 | D:4      | Reached XP level 5. HP: 32/47 MP: 5/5
  2624 | D:4      | Bought a +0 triple crossbow for 110 gold pieces
  2693 | D:4      | Found Mykhamn's Antique Weapon Boutique.
  2712 | D:4      | Reached skill level 5 in Fighting
  2735 | D:4      | Found a broken altar of Ashenzari.
  2775 | D:4      | Identified the +1 robe "Ugyomm" {Regen+ Str-3 Archmagi}
  3039 | D:4      | Noticed an ogre
  3050 | D:4      | Mangled by an ogre

Illustrated notes

Levels and vault maps discovered:
D:1:      dpeg_arrival_fog, layout_loops_corners
D:2:      layout_rooms
D:3:      layout_rooms, hellmonk_ecumenical_altar_arch_garden
D:4:      layout_rooms, cheibrodos_ashenzari_chains, serial_shops, shop,
          nicolae_shop_firing_range

Skill      XL: |  1  2  3  4  5 |
---------------+----------------+-----
Fighting       | 4 5 |  5.1
Axes           | 5 6 |  6.7
Dodging        | |  2.4

Action                     |  1- 3 |  4- 6 || total
---------------------------+-------+-------++-------
  Melee: Hand axe          |    93 |   131 ||   224
    Use: Potion            |     1 |       ||     1
         Scroll            |       |     5 ||     5
 Armour: Robe              |    32 |    15 ||    47
  Dodge: Dodged            |    73 |    90 ||   163
